 Dungeon Crawl Stone Soup version 0.23-a0-487-gc6253629db (webtiles) character file.

4027 magapede the Fighter (level 10, -6/90 HPs)
             Began as a Green Draconian Transmuter on Dec 1, 2018.
             Mangled by a warg (13 damage)
             ... on level 10 of the Dungeon.
             The game lasted 00:35:21 (10502 turns).

magapede the Fighter (Green Draconian Transmuter)  Turns: 10502, Time: 00:35:22

Health: -6/90      AC:  7    Str: 12    XL:     10   Next: 4%
Magic:  0/13       EV: 12    Int: 15    God:
Gold:   324        SH:  0    Dex: 14    Spells: 3/13 levels left

rFire    + . .     SeeInvis .     - Unarmed
rCold    + . .     Gourm    .   (no shield)
rNeg     . . .     Faith    .   (armour unavailable)
rPois    +         Spirit   +   (helmet restricted)
rElec    .         Reflect  .   t - scarf {rC+ rF+}
rCorr    .         Harm     .   (no gloves)
MR       .....                  (no boots)
Stlth    +.........             q - amulet of guardian spirit
HPRegen  0.25/turn              (no ring)
MPRegen  0.13/turn              (no ring)

@: short of breath, appendage, starving
A: breathe noxious fumes, unfitting armour, horns 2, poison resistance,
cold-blooded, AC +7
a: Breathe Noxious Fumes, End Transformation


You were on level 10 of the Dungeon.
You were starving.
You had grown temporary horns.
You visited 1 branch of the dungeon, and saw 9 of its levels.

You collected 443 gold pieces.
You spent 119 gold pieces at shops.

Inventory:

Hand Weapons
 i - a +0 hunting sling
Missiles
 a - 95 arrows
Armour
 t - a scarf of resistance (worn)
Jewellery
 e - the amulet "Golezx Xuli" {Reflect MR- Str+5 SH+3}
   (You found it on level 4 of the Dungeon)

   [amulet of reflection]

   It shields you and reflects attacks.
   It affects your strength (+5).
   It affects your resistance to hostile enchantments.
   It affects your SH (+3).
 q - an amulet of guardian spirit (around neck)
 D - an uncursed amulet of the gourmand {unknown}
Wands
 d - a wand of flame (15)
 s - a wand of random effects (13)
 x - a wand of polymorph (9)
 F - a wand of digging (4)
Scrolls
 f - 2 scrolls of amnesia
 g - a scroll of random uselessness
 h - 3 scrolls of teleportation
 j - a scroll of vulnerability {unknown}
 l - a scroll of noise
 m - a scroll of immolation
 n - a scroll of silence {unknown}
 o - 7 scrolls of remove curse {unknown}
 y - a scroll of identify
 A - 3 scrolls of enchant armour {unknown}
Potions
 b - 6 potions of flight
 k - 2 potions of mutation
 p - 2 potions of haste
 r - a potion of ambrosia
 u - 2 potions of degeneration {unknown}
 v - 2 potions of berserk rage {unknown}
 w - a potion of agility
 z - 3 potions of cancellation {unknown}
 B - a potion of invisibility {unknown}
 C - 2 potions of brilliance
 E - 2 potions of curing {unknown}
Comestibles
 c - 14 rations


   Skills:
 + Level 8.4 Fighting
 - Level 1.7 Dodging
 + Level 8.2 Unarmed Combat
 - Level 2.0 Spellcasting
 + Level 7.8 Transmutations
 + Level 5.2 Ice Magic
 - Level 3.0 Poison Magic


You had 3 spell levels left.
You knew the following spells:

 Your Spells              Type           Power        Failure   Level  Hunger
a - Beastly Appendage     Tmut           ####..       1%          1    #......
b - Sticks to Snakes      Tmut           ####....     1%          2    ###....
c - Spider Form           Tmut/Pois      ###.......   7%          3    ###....
d - Ice Form              Ice/Tmut       ###.....     16%         4    #####..

Your spell library contained the following spells:

 Spells                   Type           Power        Failure   Level  Hunger
 Blade Hands              Tmut           ####......   24%         5    ######.


Dungeon Overview and Level Annotations

Branches:
Dungeon (10/15)
 Temple: D:4-7         Lair: D:8-11         Orc: D:9-12

Altars:
Nemelex Xobeh
Okawaru
Qazlal
Beogh

Shops:
D:6 *([

Annotations:
D:5 3 runed doors, exclusion: 3 doors, spinkules's ghost, novice GrBe


Innate Abilities, Weirdness & Mutations

You can breathe blasts of noxious fumes.
Your lurid green scales are hard. (AC +7)
You cannot fit into any form of body armour.
Your system is resistant to poisons. (rPois)
You are cold-blooded and may be slowed by cold attacks.
You have a pair of horns on your head.


Message History

The warg closely misses you.
You hit the warg. Your headbutt misses the warg.
The warg is heavily wounded.
The warg barely misses you.
You punch the warg!
The warg is severely wounded.
The warg bites you!
* * * LOW HITPOINT WARNING * * *
You barely miss the warg. Your headbutt misses the warg.
You tail-slap the warg, but do no damage.
The warg is severely wounded.
The warg bites you!
* * * LOW HITPOINT WARNING * * *
Okay, then.
You hit the warg but do no damage.
You tail-slap the warg, but do no damage.
You punch the warg, but do no damage.
The warg is severely wounded.
The warg bites you!
You die...

.###+### #.......#
.# *,,,* #.##..#.#
.#########.......#
###....S.........#
.9#.#..#.........#
..'.#......#####.#
###..............#
.....######......#
..##.# *,#.....@#
..##.# *,#.....h#
..##.# *,#......#
.....# *,#......#
.#####***,#.....)#
.#,,,,*,,,#.#..#.#
.#*,*****+#......#
##*,*,,,,,.......#
,,,,*,,,,.#..##..#


You could see a warg.

Vanquished Creatures
  A troll (D:9)
  A hippogriff (D:6)
  6 yaks (D:9)
  3 wargs
  A sky beast (D:5)
  An orc warrior (D:6)
  2 phantoms (D:9)
  A centaur (D:9)
  A bullfrog (D:6)
  3 scorpions
  4 killer bees (D:10)
  4 wights (D:9)
  A howler monkey (D:5)
  3 crimson imps
  2 bullfrog zombies
  A quasit (D:9)
  A jelly (D:5)
  5 bullfrog skeletons
  4 hounds
  2 iguanas
  Jessica (D:2)
  2 worker ants
  An orc wizard (D:9)
  A hound skeleton (D:5)
  A worker ant zombie (D:5)
  A howler monkey skeleton (D:4)
  4 gnolls (D:5)
  8 adders
  6 river rats (D:5)
  3 shadow imps
  2 adder skeletons (D:4)
  A worm (D:2)
  2 dart slugs (D:1)
  3 leopard geckos
  8 orcs
  2 ball pythons
  8 bats
  4 giant cockroaches
  16 goblins
  10 hobgoblins
  4 jackals (D:2)
  10 quokkas
  8 frilled lizards
  A jackal skeleton (D:4)
  A jackal zombie (D:4)
  12 kobolds
  A leopard gecko skeleton (D:6)
  29 rats
197 creatures vanquished.

Vanquished Creatures (collateral kills)
  A two-headed ogre (D:10)
  Edmund (D:4)
  2 ogres
  A killer bee (D:10)
  A worker ant (D:4)
  Robin (D:3)
  An adder skeleton (D:9)
  2 goblins (D:3)
  A hobgoblin (D:3)
  A frilled lizard (D:5)
12 creatures vanquished.

Grand Total: 209 creatures vanquished

Notes
Turn   | Place    | Note
-------+----------+-------------------------------------------
     0 | D:1      | magapede the Draconian Transmuter began the quest for the
                  | Orb.
     0 | D:1      | Reached XP level 1. HP: 16/16 MP: 3/3
   375 | D:1      | Reached XP level 2. HP: 23/23 MP: 5/5
   379 | D:1      | Learned a level 2 spell: Sticks to Snakes
   877 | D:1      | Reached XP level 3. HP: 29/29 MP: 6/6
   981 | D:1      | You fall through a shaft!
  1071 | D:2      | Found a sparkling altar of Nemelex Xobeh.
  1234 | D:2      | Reached XP level 4. HP: 27/37 MP: 7/7
  1712 | D:2      | Noticed Jessica
  1738 | D:2      | Killed Jessica
  2114 | D:3      | Reached XP level 5. HP: 29/45 MP: 6/8
  2539 | D:3      | Noticed Robin
  2556 | D:3      | Killed Robin
  2627 | D:3      | Learned a level 3 spell: Spider Form
  3231 | D:4      | Reached skill level 1 in Poison Magic
  3725 | D:4      | Reached XP level 6. HP: 47/52 MP: 9/9
  3749 | D:4      | Noticed Edmund
  3868 | D:4      | Killed Edmund
  4093 | D:4      | Got an ancient brass amulet
  4191 | D:5      | Entered Level 5 of the Dungeon
  4331 | D:5      | Noticed a hippogriff
  4732 | D:4      | Identified the amulet "Golezx Xuli" {Reflect MR- Str+5
                  | SH+3} (You found it on level 4 of the Dungeon)
  5086 | D:5      | Reached skill level 5 in Unarmed Combat
  5086 | D:5      | Your scales start taking on a lurid green colour.
  5086 | D:5      | Reached XP level 7. HP: 34/60 MP: 10/10
  5086 | D:5      | Gained mutation: Your system is resistant to poisons.
                  | (rPois) [Green Draconian growth]
  6165 | D:5      | Found an iron altar of Okawaru.
  6226 | D:5      | Reached skill level 5 in Fighting
  6274 | D:5      | Reached skill level 5 in Transmutations
  6568 | D:5      | Reached XP level 8. HP: 57/69 MP: 9/11
  6670 | D:5      | Found a runed gate.
  6670 | D:5      | Found a runed gate.
  6670 | D:5      | Found a runed gate.
  6676 | D:5      | Identified the +2 dagger of Certain Death {freeze, rN+}
  6676 | D:5      | Noticed spinkules's ghost (novice GrBe)
  6678 | D:5      | Found a roughly hewn altar of Beogh.
  6930 | D:5      | Learned a level 4 spell: Ice Form
  7067 | D:6      | Reached skill level 1 in Ice Magic
  7295 | D:6      | Found a stormy altar of Qazlal.
  7343 | D:6      | Found Biqeutz's Armour Boutique.
  7365 | D:6      | Found Alibowu's Weapon Shop.
  7409 | D:6      | Killed a hippogriff
  7656 | D:6      | Found Kuog's Assorted Antiques.
  7669 | D:6      | Bought 3 murky blue potions for 70 gold pieces
  7669 | D:6      | Bought a scroll labeled XERUOTS CAUFF for 26 gold pieces
  7669 | D:6      | Bought a sedimented orange potion for 23 gold pieces
  7990 | D:7      | You fall through a shaft for 3 floors!
  7990 | D:10     | Entered Level 10 of the Dungeon
  8241 | D:9      | Noticed a troll
  8264 | D:9      | Killed a troll
  8264 | D:9      | Reached XP level 9. HP: 26/79 MP: 1/12
  9846 | D:10     | Noticed a two-headed ogre
 10124 | D:10     | Noticed a gargoyle
 10396 | D:10     | Noticed a two-headed ogre
 10427 | D:10     | Killed a two-headed ogre
 10427 | D:10     | Reached skill level 5 in Ice Magic
 10436 | D:10     | Reached XP level 10. HP: 79/89 MP: 3/13
 10502 | D:10     | Mangled by a warg

Vault maps used:
D:1:      nagdon_arrival_double_spiral, serial_forest,
          infiniplex_forest_lined_ring, infiniplex_forest_straight_1,
          infiniplex_forest_end_2, infiniplex_forest_clump_diagonal,
          infiniplex_forest_side_room, infiniplex_forest_clump_diagonal,
          infiniplex_forest_lined_3_way
D:2:      nemelex_xobeh_ov_fountains_minmay, first_ration, uniq_jessica
D:3:      uniq_robin
D:4:      minmay_angry_zag, kennysheep_generic_room_6, uniq_edmund
D:5:      lemuel_ratsnest, biasface_ghost_orc_armoury, basic_altar,
          minmay_misc_feat_encased, minivault_24
D:6:      serial_shops, shop, nicolae_shop_window_shopping, shop, basic_altar
D:7:      gammafunk_corrupted_shrine, minmay_temple_entry_statues_fountains,
          nicolae_ossuary_entry_monument
D:10:     lemuel_castle_with_subvaults

Skill      XL: |  1  2  3  4  5  6  7  8  9 |
---------------+----------------------------+-----
Fighting       | 2 3 4 5 7 8 |  8.4
Transmutations | 3 4 5 6 7 |  7.8
Unarmed Combat | 4 5 7 8 |  8.2
Poison Magic   | 1 2 3 |  3.0
Ice Magic      | 3 5 |  5.2
Dodging        | |  1.7
Spellcasting   | |  2.0

Action                   |  1- 3 |  4- 6 |  7- 9 | 10-12 || total
-------------------------+-------+-------+-------+-------++-------
Melee: Unarmed           |   126 |   286 |   461 |    22 ||   895
       Tailslap          |    15 |    33 |    48 |     2 ||    98
       Punch             |     3 |     7 |    11 |     2 ||    23
       Kick              |     1 |     2 |    11 |       ||    14
       Headbutt          |     1 |     1 |    15 |     1 ||    18
 Cast: Beastly Appendage |     2 |     7 |    10 |     1 ||    20
       Sticks to Snakes  |       |    20 |    33 |     3 ||    56
       Spider Form       |       |     1 |     2 |       ||     3
 Abil: Breathe Noxious F |       |       |    31 |     2 ||    33
Evoke: Wand              |       |       |    16 |       ||    16
  Use: Potion            |     4 |     1 |     4 |       ||     9
       Scroll            |       |    12 |     8 |       ||    20
 Stab: Sleeping          |       |     2 |       |       ||     2
       Distracted        |       |     1 |       |       ||     1
       Confused          |       |       |    14 |       ||    14
  Eat: Chunk             |     1 |    10 |    12 |       ||    23
       Ration            |       |     1 |     4 |       ||     5
Armor: Skin              |    61 |    75 |    83 |     4 ||   223
Dodge: Dodged            |   107 |   179 |   248 |    10 ||   544

Table legend:
 A = Non-vault XP
 B = Vault XP
 C = Vault XP percentage of total XP
 D = Non-vault monster count
 E = Vault monster count
 F = Vault count percentage of total count
                 A         B        C        D         E       F
            +---------+---------+-------+---------+---------+-------
      Total |    4813 |     940 |  16.3 |     150 |      59 |  28.2
            +---------+---------+-------+---------+---------+-------
        D:1 |      41 |       0 |   0.0 |      25 |       0 |   0.0
        D:2 |      92 |      37 |  28.7 |      26 |       1 |   3.7
        D:3 |      82 |      26 |  24.1 |      23 |      12 |  34.3
        D:4 |     155 |     167 |  51.9 |      10 |       5 |  33.3
        D:5 |     728 |     235 |  24.4 |      22 |      37 |  62.7
        D:6 |     686 |       0 |   0.0 |      14 |       0 |   0.0
        D:9 |    2161 |     161 |   6.9 |      23 |       1 |   4.2
       D:10 |     868 |     314 |  26.6 |       7 |       3 |  30.0
            +---------+---------+-------+---------+---------+-------
